 Dungeon Crawl Stone Soup version 0.25-a0-353-ged6d547 (webtiles) character file.

Game seed: 11562238308089980402, levelgen mode: deterministic

79 Birdy the Twirler (level 4, -8/23 HPs)
             Began as a Vine Stalker Gladiator on Jan 3, 2020.
             Killed by divine providence
             ... invoked by an orc priest
              (10 damage)
             ... on level 3 of the Dungeon.
             The game lasted 00:02:31 (1183 turns).

Birdy the Twirler (Vine Stalker Gladiator)          Turns: 1183, Time: 00:02:32

Health: -8/23      AC:  4    Str: 16    XL:     4   Next: 37%
Magic:  0/6        EV: 13    Int:  8    God:
Gold:   140        SH:  0    Dex: 17    Spells: 5/5 levels left

rFire    . . .     SeeInvis .   a - +0 quarterstaff
rCold    . . .     Gourm    .   (shield currently unavailable)
rNeg     . . .     Faith    .   b - +0 leather armour
rPois    .         Spirit   +   c - +0 helmet
rElec    .         Reflect  .   (no cloak)
rCorr    .         Harm     .   (no gloves)
MR       .....                  (no boots)
Stlth    ++........             (no amulet)
HPRegen  0.47/turn              (no ring)
MPRegen  0.10/turn              (no ring)

@: lethally poisoned (-8 -> -9), hasted, very quick
A: fangs 2, regeneration 1, magic shield, antimagic bite, no potion heal 3, rot
immunity
a: no special abilities


You were on level 3 of the Dungeon.
You were not hungry.

You visited 1 branch of the dungeon, and saw 3 of its levels.

You collected 140 gold pieces.

Inventory:

Hand Weapons
 a - a +0 quarterstaff (weapon)
Missiles
 d - 3 throwing nets (quivered)
 k - 5 boomerangs
Armour
 b - a +0 leather armour (worn)
 c - a +0 helmet (worn)
Scrolls
 e - 2 scrolls of remove curse
 g - a scroll of enchant armour
 i - a scroll of amnesia
 j - a scroll of fog
Potions
 h - a potion of haste
Comestibles
 f - 3 rations


   Skills:
 + Level 2.4 Fighting
 + Level 3.1 Staves
 - Level 1.7 Throwing
 + Level 1.1 Armour
 + Level 2.8 Dodging
 + Level 1.3 Stealth
 + Level 1.0 Spellcasting


You had 5 spell levels left.
You didn't know any spells.
Your spell library was empty.

Dungeon Overview and Level Annotations

Branches:
Dungeon (3/15)

Altars:


Innate Abilities, Weirdness & Mutations

You have extremely sharp teeth.
Your natural rate of healing is unusually fast.
When hurt, damage is shared between your health and your magic reserves.
Your bite disrupts and absorbs the magic of your enemies.
Potions cannot restore your health.
You are immune to rotting.


Message History

You feel sick.
You hit the orc priest but do no damage.
Your bite misses the orc priest.
The orc priest is moderately wounded.
The orc priest closely misses you.
You hit the orc priest.
You bite the orc priest, but do no damage.
The orc priest is heavily wounded.
The orc priest looks braver for a moment.
You hit the orc priest but do no damage.
The orc priest is heavily wounded.
* * * LOW HITPOINT WARNING * * *
You feel sick. The orc priest closely misses you.
You hit the orc priest but do no damage.
The orc priest is heavily wounded.
You hit the orc priest.
The orc priest is severely wounded.
The orc priest mumbles some strange prayers to Beogh against you.
Beogh smites you!
You die...

..#†# ######.## #.#.#
#.......## #.#.# #.........
#.#.# #..###..## #.#.# #..#
#..# # #.#.###.)###..##
#.## #.#.......<.....
#...########.#####..##.#.##
#.#.....)o@.........##.#.#
#.....#.####.......###.#.#
#......# ######### #.#.#
#.......# #.#.. #)#.!......
..... #.....##### #)#
##...# ..# #$.. ....


You could see an orc priest.

Vanquished Creatures
  An orc wizard (D:3)
  An adder (D:3)
  2 worms
  A dart slug (D:1)
  6 orcs (D:3)
  5 goblins
  3 hobgoblins
  3 bats
  3 frilled lizards
  4 kobolds
  2 rats (D:2)
31 creatures vanquished.

Notes
Turn   | Place    | Note
-------+----------+-------------------------------------------
     0 | D:1      | Birdy the Vine Stalker Gladiator began the quest for the
                  | Orb.
     0 | D:1      | Reached XP level 1. HP: 11/11 MP: 2/2
   106 | D:1      | Reached XP level 2. HP: 13/15 MP: 3/3
   570 | D:2      | Reached XP level 3. HP: 9/18 MP: 1/4
   766 | D:2      | Reached skill level 3 in Staves
  1083 | D:3      | Reached skill level 1 in Armour
  1083 | D:3      | Reached skill level 1 in Stealth
  1083 | D:3      | Gained mutation: Your natural rate of healing is unusually
                  | fast. [Vine Stalker growth]
  1083 | D:3      | Reached XP level 4. HP: 15/23 MP: 4/6
  1160 | D:3      | Reached skill level 1 in Spellcasting
  1176 | D:3      | HP: 1/23 [orc priest/+0 hand axe (5)]
  1181 | D:3      | HP: 1/23 [poisoned by an adder]
  1183 | D:3      | Killed from afar by an orc priest

Levels and vault maps discovered:
D:1:      doesnt_arrival_eight_statues, layout_rooms, serial_corexii_hall,
          corexii_hall_statues_i, corexii_hall_statues_u,
          chequers_hall_statues_corner_a, corexii_hall_statues_s
D:2:      layout_basic
D:3:      layout_loops_ring

Skill      XL: |  1  2  3  4 |
---------------+-------------+-----
Fighting       | 2 |  2.4
Staves         | 3 |  3.1
Armour         | 1 |  1.1
Stealth        | 1 |  1.3
Spellcasting   | 1 |  1.0
Throwing       | |  1.7
Dodging        | |  2.8

Action                   |  1- 3 |  4- 6 || total
-------------------------+-------+-------++-------
Melee: Quarterstaff      |    59 |    32 ||    91
       Bite              |     7 |     8 ||    15
  Use: Scroll            |     8 |       ||     8
       Potion            |     3 |     1 ||     4
  Eat: Chunk             |       |     1 ||     1
Armor: Leather armour    |    12 |     3 ||    15
Dodge: Dodged            |    31 |    22 ||    53

Table legend:
 A = Non-vault XP
 B = Vault XP
 C = Vault XP percentage of total XP
 D = Non-vault monster count
 E = Vault monster count
 F = Vault count percentage of total count
                 A         B        C        D         E       F
            +---------+---------+-------+---------+---------+-------
      Total |     113 |       0 |   0.0 |      31 |       0 |   0.0
            +---------+---------+-------+---------+---------+-------
        D:1 |      22 |       0 |   0.0 |      13 |       0 |   0.0
        D:2 |      15 |       0 |   0.0 |       8 |       0 |   0.0
        D:3 |      76 |       0 |   0.0 |      10 |       0 |   0.0
            +---------+---------+-------+---------+---------+-------
